 Dungeon Crawl Stone Soup version 0.21.1-1-g345015f (webtiles) character file.

10084 inc the Blocker (level 11, -1/67 HPs)
             Began as an Octopode Fighter on Apr 26, 2018.
             Was a High Priest of Okawaru.
             Slain by an unseen horror (10 damage)
             ... on level 11 of the Dungeon on Apr 27, 2018.
             The game lasted 00:21:49 (13051 turns).

inc the Blocker (Octopode Fighter)                 Turns: 13051, Time: 00:21:49

Health: -1/67      AC:  1    Str: 21    XL:     11   Next: 56%
Magic:  32/32      EV: 25    Int: 12    God:    Okawaru [*****.]
Gold:   576        SH: 14    Dex: 19    Spells: 10/10 levels left

rFire    . . .     SeeInvis .   c - +3 mace (protect)
rCold    . . .     Gourm    .   b - +1 shield
rNeg     . . .     Faith    .   (helmet restricted)
rPois    +         Spirit   .   (no amulet)
rElec    .         Reflect  .   h - +6 ring of strength
rCorr    +         Harm     .   z - ring of magical power
MR       .....                  B - ring of magical power
Stlth    ++++......             C - ring of resist corrosion
HPRegen  0.21/turn              D - ring of poison resistance
MPRegen  0.23/turn              (no ring)
                                (no ring)
                                (no ring)

@: agile, about to teleport
A: almost no armour, stealthy swim, amphibious, 8 rings, constrict 8, camouflage
1, gelatinous body 1
a: Heroism, Finesse, Renounce Religion


You were on level 11 of the Dungeon.
You worshipped Okawaru.
Okawaru was extremely pleased with you.
You were not hungry.

You visited 2 branches of the dungeon, and saw 12 of its levels.

You collected 576 gold pieces.

Inventory:

Hand Weapons
 a - a +0 flail
 c - a +3 mace of protection (weapon)
Armour
 b - a +1 shield (worn)
Jewellery
 h - a +6 ring of strength (left tentacle)
 k - an uncursed ring of flight
 z - a ring of magical power (right tentacle)
 B - a ring of magical power (on tentacle)
 C - a ring of resist corrosion (on tentacle)
 D - a ring of poison resistance (on tentacle)
Wands
 q - a wand of acid (9)
 t - a wand of scattershot (6)
Scrolls
 f - 2 scrolls of enchant armour
 i - 6 scrolls of teleportation
 j - 2 scrolls of amnesia
 o - 5 scrolls of immolation
 p - 3 scrolls of remove curse
 r - a scroll of summoning {unknown}
 s - a scroll of noise
 A - 2 scrolls of magic mapping
Potions
 e - a potion of agility
 l - a potion of lignification
 n - a potion of flight
 u - a potion of resistance
 x - 4 potions of degeneration
Books
 g - a book of Fire

   Spells                             Type                      Level
   a - Ignite Poison                  Fire/Transmutation/Poison    3
   b - Fireball                       Conjuration/Fire             5
   c - Bolt of Fire                   Conjuration/Fire             6
   d - Ring of Flames                 Charms/Fire                  7
   e - Ignition                       Fire                         8
 m - a book of Conjurations

   Spells                             Type                      Level
   a - Magic Dart                     Conjuration                  1
   b - Searing Ray                    Conjuration                  2
   c - Dazzling Spray                 Conjuration/Hexes            3
   d - Fulminant Prism                Conjuration/Hexes            4
   e - Force Lance                    Conjuration/Translocation    4
   f - Iskenderun's Mystic Blast      Conjuration                  4
Comestibles
 d - 11 rations


   Skills:
 - Level 3.0 Fighting
 - Level 10.5 Maces & Flails
 + Level 9.6 Dodging
 - Level 10.7 Shields
 - Level 5.3 Invocations


You had 10 spell levels left.
You didn't know any spells.

Dungeon Overview and Level Annotations

Branches:
Dungeon (11/15)            Temple (1/1) D:7             Orc (0/2) D:10
   Lair: D:8-11

Altars:
Ashenzari
Cheibriados
Dithmenos
Elyvilon
Fedhas
Gozag
Hepliaklqana
Kikubaaqudgha
Makhleb
Nemelex Xobeh
Okawaru
Qazlal
Ru
Sif Muna
Trog
Uskayaw
Vehumet
Wu Jian
Xom
Yredelemnul
Zin
The Shining One

Shops:
D:11 ?

Annotations:
D:2 1 runed door
D:8 Flooderbenga's ghost, novice GnNe


Innate Abilities, Weirdness & Mutations

You cannot wear most types of armour.
You are very stealthy in the water. (Stealth+)
You are amphibious.
You can wear up to eight rings at the same time.
You can use your tentacles to constrict eight enemies at once.
Your skin changes colour to match your surroundings (Stealth+).
Your rubbery body absorbs attacks. (AC +1, EV +1)


Message History

Something barely misses you.
An ogre comes into view. It is wielding a giant club.
You block something's attack. Something barely misses you.
You miss something. Something hits you. Something hits you!
* * * LOW HITPOINT WARNING * * *
You block something's attack.
You miss something. Something completely misses you. Something hits you!
* * * LOW HITPOINT WARNING * * *
You feel better. Something hits you!
* * * LOW HITPOINT WARNING * * *
You feel agile all of a sudden. Something closely misses you.
As you read the scroll of fear, it crumbles to dust.
You assume a fearsome visage.
Nothing appears to happen.
Something barely misses you. You block something's attack.
As you read the scroll of teleportation, it crumbles to dust.
You feel strangely unstable. Something hits you!
You die...

##### #... ######
#.#####.##### #.....
#....@.....# ##.####
......####.###.###.##....[
O.... #.........##.##.#
#.## #####.######.##.# #
#.# #.##.# #.# #..... #.#
#.##.# #####.######.##.#
#.........##.....


There were no monsters in sight!

Vanquished Creatures
  2 two-headed ogres
  Pikel (D:5)
  An orange crystal statue (D:10)
  A manticore (D:11)
  The ghost of kolakolka the Digger, a novice TrEE of Okawaru (D:5)
  A troll (D:9)
  A hippogriff (D:8)
  6 yaks (D:10)
  Eustachio (D:4)
  A steam dragon (D:11)
  Menkaure (D:7)
  2 insubstantial wisps (D:11)
  3 orc warriors
  A slave (D:5)
  2 necrophages (D:8)
  5 sky beasts
  A phantom (D:4)
  2 ice beasts
  3 ogres
  A centaur (D:10)
  A crocodile (D:10)
  5 bullfrogs
  4 scorpions
  A wyvern skeleton (D:11)
  A water moccasin skeleton (D:7)
  3 killer bees
  17 wights
  4 electric eels (D:10)
  2 crimson imps
  A quasit (D:7)
  2 bullfrog zombies
  4 bullfrog skeletons
  3 hounds
  7 orc priests
  4 jellies
  2 centaur skeletons (D:10)
  11 orc wizards
  Natasha (thrice) (D:2)
  3 iguanas
  13 worker ants
  A hound zombie (D:10)
  2 hound skeletons (D:7)
  A worker ant zombie (D:7)
  18 adders
  3 shadow imps
  2 adder skeletons
  An adder zombie (D:9)
  5 worms
  3 dart slugs
  3 leopard geckos
  40 orcs
  A ball python (D:2)
  11 giant cockroaches
  7 hobgoblins
  17 jackals
  4 quokkas
  10 bats
  5 frilled lizards
  11 goblins
  7 kobolds
  A quokka skeleton (D:7)
  8 rats
289 creatures vanquished.

Vanquished Creatures (others)
  The ghost of Flooderbenga the Chopper, an amateur DDGl of Makhleb (D:6)
  An orc wizard (D:9)
2 creatures vanquished.

Grand Total: 291 creatures vanquished

Notes
Turn   | Place    | Note
-------+----------+-------------------------------------------
     0 | D:1      | inc the Octopode Fighter began the quest for the Orb.
     0 | D:1      | Reached XP level 1. HP: 16/16 MP: 1/1
   124 | D:1      | Reached XP level 2. HP: 16/21 MP: 2/2
   497 | D:1      | Reached XP level 3. HP: 19/26 MP: 3/3
  1006 | D:2      | Noticed a bullfrog
  1009 | D:2      | Killed a bullfrog
  1009 | D:2      | Reached XP level 4. HP: 20/31 MP: 4/4
  1084 | D:2      | Reached XP level 5. HP: 32/36 MP: 5/5
  1127 | D:2      | Noticed Natasha
  1134 | D:2      | Killed Natasha
  1434 | D:2      | Found a runed door.
  1468 | D:2      | Found a sacrificial altar of Ru.
  1647 | D:2      | Noticed Natasha
  1652 | D:2      | Killed Natasha
  1652 | D:2      | Reached skill level 5 in Shields
  1844 | D:2      | Noticed Natasha
  1848 | D:2      | Killed Natasha
  1848 | D:2      | Reached XP level 6. HP: 42/42 MP: 6/6
  2019 | D:3      | HP: 2/42 [orc wizard/dagger (3)]
  2020 | D:3      | Reached skill level 5 in Maces & Flails
  2342 | D:3      | Reached XP level 7. HP: 42/46 MP: 7/7
  3034 | D:4      | Noticed Eustachio
  3130 | D:5      | Entered Level 5 of the Dungeon
  3372 | D:5      | Found a shadowy altar of Dithmenos.
  3421 | D:5      | Found a hazy altar of Hepliaklqana.
  3660 | D:5      | Reached XP level 8. HP: 52/52 MP: 8/8
  4206 | D:4      | Killed Eustachio
  4867 | D:6      | Killed Flooderbenga's ghost
  5021 | D:7      | Found a staircase to the Ecumenical Temple.
  5027 | Temple   | Entered the Ecumenical Temple
  5233 | Temple   | Became a worshipper of Warmaster Okawaru
  5663 | D:5      | Noticed kolakolka's ghost (novice TrEE)
  5687 | D:5      | Killed kolakolka's ghost
  5687 | D:5      | Reached XP level 9. HP: 44/56 MP: 9/9
  5941 | D:5      | Noticed Pikel
  5952 | D:5      | Killed Pikel
  5952 | D:5      | Reached * piety under Okawaru
  6521 | D:6      | Found a stormy altar of Qazlal.
  7292 | D:7      | Noticed Menkaure
  7298 | D:7      | Killed Menkaure
  7298 | D:7      | Reached ** piety under Okawaru
  7462 | D:7      | Reached skill level 10 in Shields
  8012 | D:7      | Reached XP level 10. HP: 49/63 MP: 10/10
  8018 | D:7      | Reached skill level 10 in Maces & Flails
  8330 | D:8      | Found an opulent altar of Gozag.
  8348 | D:8      | Found a radiant altar of Vehumet.
  8348 | D:8      | Found an ornate altar of the Wu Jian Council.
  8350 | D:8      | Noticed a two-headed ogre
  8923 | D:8      | Noticed Flooderbenga's ghost (novice GnNe)
  8925 | D:8      | Reached *** piety under Okawaru
  9917 | D:9      | Noticed a two-headed ogre
  9929 | D:9      | Killed a two-headed ogre
  9929 | D:9      | Reached **** piety under Okawaru
 10501 | D:10     | Entered Level 10 of the Dungeon
 10553 | D:10     | Noticed a two-headed ogre
 10592 | D:10     | Killed a two-headed ogre
 10731 | D:10     | Reached skill level 1 in Invocations
 10970 | D:10     | Reached XP level 11. HP: 61/66 MP: 12/12
 11256 | D:10     | Reached ***** piety under Okawaru
 11557 | D:10     | Found a staircase to the Orcish Mines.
 11683 | D:10     | Noticed an orange crystal statue
 11795 | D:10     | Killed an orange crystal statue
 11953 | D:10     | Reached skill level 5 in Invocations
 12118 | D:11     | Found Toixyfroeb's Magic Scroll Boutique.
 12135 | D:11     | Noticed a manticore
 12145 | D:11     | Killed a manticore
 13051 | D:11     | Slain by an unseen horror

Skill      XL: |  1  2  3  4  5  6  7  8  9 10 11 |
---------------+----------------------------------+-----
Maces & Flails | 3 4 5 6 8 9 10 | 10.5
Shields        | 4 5 6 8 10 | 10.7
Dodging        | 7 9 |  9.6
Invocations    | 1 5 |  5.3
Fighting       | |  3.0

Action                   |  1- 3 |  4- 6 |  7- 9 | 10-12 || total
-------------------------+-------+-------+-------+-------++-------
Melee: Flail             |    63 |   109 |    93 |       ||   265
       Constrict         |    21 |    33 |    62 |    45 ||   161
       Tentacles         |    10 |    22 |    77 |    96 ||   205
       Mace              |       |       |   180 |   382 ||   562
       Punch             |       |       |       |     3 ||     3
Invok: Heroism           |       |       |       |     7 ||     7
       Finesse           |       |       |       |     1 ||     1
  Use: Potion            |       |     3 |     4 |     7 ||    14
       Scroll            |       |       |    10 |    12 ||    22
 Stab: Sleeping          |     3 |     9 |    11 |     8 ||    31
       Invisible         |       |     1 |       |       ||     1
       Paralysed         |       |     1 |       |       ||     1
       Distracted        |       |       |     1 |       ||     1
  Eat: Chunk             |       |     5 |    10 |    11 ||    26
       Ration            |       |       |     2 |     2 ||     4
Armor: Skin              |     7 |     6 |    24 |    33 ||    70
Dodge: Dodged            |    25 |    40 |   109 |   137 ||   311
Block: Shield            |    29 |    40 |   133 |   187 ||   389
